 Dungeon Crawl Stone Soup version 0.18.1-50-g88ac8fd (webtiles) character file.

488 Nordron the Changer (level 7, -6/43 HPs)
             Began as an Octopode Transmuter on Oct 2, 2016.
             Mangled by a wight
             ... wielding a +0 scimitar
              (13 damage)
             ... on level 7 of the Dungeon.
             The game lasted 00:18:04 (4702 turns).

Nordron the Changer (Octopode Transmuter)           Turns: 4702, Time: 00:18:04

Health: -6/43      AC:  4    Str:  9    XL:     7   Next: 13%
Magic:  10/10      EV: 12    Int: 15    God:
Gold:   160        SH:  0    Dex: 15    Spells: 2 memorised, 6 levels left

rFire  . . .     SeeInvis .     h - -1 dagger (curse)
rCold  . . .     Gourm    .     (no shield)
rNeg   . . .     Faith    .     (helmet restricted)
rPois  .         Spirit   .     k - amulet of regeneration
rElec  .         Dismiss  .     i - ring of flight
rCorr  .         Reflect  .     g - +3 ring of protection
SustAt .         Harm     .     (no ring)
MR     .....                    (no ring)
Stlth  ++........               (no ring)
                                (no ring)
                                (no ring)
                                (no ring)

@: appendage, drained, not resistant to hostile enchantments, unstealthy
A: almost no armour, amphibious, 8 rings, constrict 8, tentacle spike 3,
camouflage 1, gelatinous body 1
a: End Transformation, Evoke Flight


You were on level 7 of the Dungeon.
You were not hungry.
One of your tentacles had a temporary spike.
You visited 2 branches of the dungeon, and saw 8 of its levels.

You collected 160 gold pieces.

Inventory:

Hand Weapons
 h - a cursed -1 dagger (weapon)
 o - a cursed +0 short sword
Missiles
 a - 42 arrows
Armour
 q - a +1 buckler
Jewellery
 d - an uncursed ring of ice
 g - a +3 ring of protection (right tentacle)
 i - a ring of flight (left tentacle)
 k - an amulet of regeneration (around mantle)
 n - an uncursed amulet of faith {unknown}
Wands
 t - a wand of flame (37/48)
Scrolls
 f - 2 scrolls of teleportation
 m - 2 scrolls of enchant armour
 r - 6 scrolls of identify
 v - 2 scrolls of blinking
Potions
 e - a potion of invisibility {unknown}
 p - a potion of curing {unknown}
 s - a potion of heal wounds {unknown}
 x - a potion of might {unknown}
 z - a potion of cure mutation {unknown}
Books
 b - a book of Changes

   Spells                             Type                      Level
   a - Beastly Appendage              Transmutation                1
   b - Sticks to Snakes               Transmutation                2
   c - Spider Form                    Transmutation/Poison         3
   d - Ice Form                       Ice/Transmutation            4
   e - Blade Hands                    Transmutation                5
Comestibles
 c - 3 bread rations
 j - 2 chunks of flesh
 l - 2 beef jerkies
 u - 3 meat rations


   Skills:
 - Level 1.0(0.7) Fighting
 - Level 2.0(1.7) Dodging
 - Level 3.0(2.6) Unarmed Combat
 - Level 2.0(1.7) Spellcasting
 * Level 7.5(7.2) Transmutations


You had 6 spell levels left.
You knew the following spells:

 Your Spells              Type           Power        Failure   Level  Hunger
a - Beastly Appendage     Trmt           ###...       1%          1    ##.....
b - Spider Form           Trmt/Pois      ##........   17%         3    ####...


Dungeon Overview and Level Annotations

Branches:
Dungeon (7/15)             Temple (1/1) D:6

Altars:
Ashenzari
Dithmenos
Elyvilon
Gozag
Kikubaaqudgha
Nemelex Xobeh
Okawaru
Pakellas
Qazlal
Sif Muna
Trog
Vehumet
Xom
Yredelemnul
Zin
The Shining One

Annotations:
D:4 baghtru's ghost, amateur HOFi


Innate Abilities, Weirdness & Mutations

You cannot wear most types of armour.
You are amphibious.
You can wear up to eight rings at the same time.
You can use your tentacles to constrict eight enemies at once.
Your skin changes colour to match your surroundings (Stealth).
Your rubbery body absorbs attacks (AC +1).
One of your tentacles bears a large vicious spike.


Message History

You hit the wight but do no damage.
The wight is moderately damaged.
You constrict the wight, but do no damage.
The wight misses you.
You hit the wight but do no damage.
You pierce the wight, but do no damage.
The wight is moderately damaged.
You constrict the wight. The wight barely misses you.
You hit the wight but do no damage.
The wight is heavily damaged.
You constrict the wight. The wight hits you with a scimitar!
* * * LOW HITPOINT WARNING * * *
You feel drained.
You hit the wight but do no damage. You squeeze the wight.
The wight is severely damaged.
You constrict the wight, but do no damage.
You hit the wight.
You pierce the wight, but do no damage.
You squeeze the wight, but do no damage.
The wight is severely damaged.
You constrict the wight. The wight hits you with a scimitar!
You die...

# .......#
#.......#
.#.(...###
......... ..
#......#
...$####<.....#
.h............#
h...###.......#
. #@.#.....#
#z######## z..#
z..### #.## #


You could see a wight.

Vanquished Creatures
  A hound (D:5)
  2 orc priests
  A centaur skeleton (D:6)
  2 iguanas
  3 worker ants
  A hound skeleton (D:6)
  4 gnolls (D:6)
  10 adders
  2 worms
  A dart slug (D:2)
  2 giant geckos
  10 orcs
  12 bats
  2 giant cockroaches
  5 goblins
  8 hobgoblins
  3 quokkas
  4 ball pythons
  8 giant newts
  6 kobolds
  A quokka skeleton (D:4)
  8 rats
96 creatures vanquished.

Notes
Turn   | Place    | Note
--------------------------------------------------------------
     0 | D:1      | Nordron the Octopode Transmuter began the quest for the Orb.
     0 | D:1      | Reached XP level 1. HP: 13/13 MP: 3/3
   462 | D:1      | Reached XP level 2. HP: 13/18 MP: 1/5
   490 | D:1      | Found a sparkling altar of Nemelex Xobeh.
   631 | D:1      | Reached skill level 3 in Transmutations
   994 | D:1      | You fall through a shaft!
  1064 | D:2      | Found a shadowy altar of Dithmenos.
  1077 | D:2      | Reached XP level 3. HP: 15/23 MP: 6/6
  1387 | D:2      | Reached skill level 4 in Transmutations
  1843 | D:2      | Reached XP level 4. HP: 28/28 MP: 5/7
  2572 | D:3      | Reached skill level 5 in Transmutations
  2572 | D:3      | Reached XP level 5. HP: 16/33 MP: 8/8
  2937 | D:3      | Learned a level 3 spell: Spider Form
  3014 | D:3      | Found an iron altar of Okawaru.
  3015 | D:3      | Found an opulent altar of Gozag.
  3319 | D:4      | Noticed an ogre
  3453 | D:4      | Noticed a phantom
  3651 | D:4      | Found a glowing silver altar of Zin.
  3706 | D:4      | Reached skill level 6 in Transmutations
  3706 | D:4      | Reached XP level 6. HP: 26/38 MP: 7/9
  3822 | D:4      | Noticed baghtru's ghost (amateur HOFi)
  4003 | D:5      | Entered Level 5 of the Dungeon
  4218 | D:5      | Reached skill level 7 in Transmutations
  4303 | D:5      | Found a deep blue altar of Sif Muna.
  4453 | D:6      | Reached XP level 7. HP: 40/43 MP: 8/10
  4485 | D:6      | Found a staircase to the Ecumenical Temple.
  4495 | Temple   | Entered the Ecumenical Temple
  4702 | D:7      | Mangled by a wight

Skill      XL: |  1  2  3  4  5  6 |
---------------+-------------------+-----
Transmutations | 3 4 5 6 7 |  7.5
Fighting       | |  1.0
Dodging        | |  2.0
Unarmed Combat | |  3.0
Spellcasting   | |  2.0

Action                   |  1- 3 |  4- 6 |  7- 9 || total
-------------------------+-------+-------+-------++-------
Melee: Unarmed           |    15 |       |     8 ||    23
       Constrict         |    27 |    47 |     6 ||    80
       Tentacles         |    17 |    41 |     8 ||    66
       Dagger            |    69 |   185 |    22 ||   276
       Kick              |    20 |    58 |    13 ||    91
       Punch             |     1 |     6 |     1 ||     8
 Cast: Beastly Appendage |    25 |    39 |     3 ||    67
       Spider Form       |       |       |     1 ||     1
  Use: Scroll            |       |     6 |     2 ||     8
       Potion            |       |     1 |       ||     1
 Stab: Sleeping          |     5 |    11 |       ||    16
  Eat: Chunk             |     3 |    10 |     1 ||    14
Armor: Skin              |    31 |    36 |     2 ||    69
Dodge: Dodged            |    61 |   115 |    27 ||   203
